 Dungeon Crawl Stone Soup version 0.17-a0-1887-g3e50df6 (webtiles) character file.

65 dpvblackbelt the Bolt Thrower (level 3, -1/28 HPs)
             Began as a Centaur Arcane Marksman on Sept 23, 2015.
             Was an Initiate of Okawaru.
             Slain by a worm (6 damage)
             ... on level 3 of the Dungeon on Sept 24, 2015.
             The game lasted 00:10:00 (2225 turns).

dpvblackbelt the Bolt Thrower (CeAM)                Turns: 2225, Time: 00:10:00

Health: -1/28      AC:  4    Str: 13    XL:     3   Next: 92%
Magic:  4/4        EV:  9    Int: 16    God:    Okawaru [......]
Gold:   89         SH:  0    Dex:  9    Spells: 2 memorised, 1 level left

rFire  . . .     SeeInvis .     s - +0 falchion
rCold  . . .     Clarity  .     c - +0 robe
rNeg   . . .     SustAt   .     (no shield)
rPois  .         Gourm    .     (no helmet)
rElec  .         Spirit   .     (no cloak)
rCorr  .         Warding  .     (no gloves)
rMut   .         Stasis   .     (no barding)
MR     .....                    (no amulet)
Stlth  +.........               (no ring)
                                n - +4 ring of intelligence

@: very quick, not resistant to hostile enchantments, very unstealthy
A: hooves 3, deformed body, speed 2, tough skin 3
a: Renounce Religion


You were on level 3 of the Dungeon.
You worshipped Okawaru.
Okawaru was noncommittal.
You were very hungry.

You visited 1 branch of the dungeon, and saw 4 of its levels.

You collected 89 gold pieces.

Inventory:

Hand weapons
 a - a +0 hand crossbow
 s - a +0 falchion (weapon)
   (You found it on level 4 of the Dungeon)
 t - a +0 club
   (You took it off a goblin on level 3 of the Dungeon)
 v - a +0 hunting sling
   (You found it on level 3 of the Dungeon)
Missiles
 f - 5 needles of slowing
Armour
 c - a +0 robe (worn)
Jewellery
 n - a +4 ring of intelligence (left hand)
   (You found it on level 2 of the Dungeon)
 u - a +4 ring of intelligence
   (You found it on level 3 of the Dungeon)
Scrolls
 g - 2 scrolls of identify {unknown}
 h - a scroll of fear {unknown}
 i - 2 scrolls of teleportation {unknown}
 k - a scroll of enchant weapon {unknown}
 m - a scroll of fog {unknown}
 p - a scroll of remove curse {unknown}
 q - a scroll of random uselessness {unknown}
Potions
 j - a potion of magic {unknown}
 o - a potion of might
Books
 d - a book of Debilitation
Comestibles
 e - 2 bread rations {@e1@e1}
 r - 2 meat rations {@e2@e2}


   Skills:
 - Level 1.0 Fighting
 + Level 4.7 Crossbows
 - Level 1.3 Dodging
 - Level 1.0 Spellcasting
 - Level 2.6 Hexes


You had one spell level left.
You knew the following spells:

 Your Spells              Type           Power        Failure   Level  Hunger
s - Slow                  Hex            #.......     14%         2    ###....
v - Corona                Hex            #......      10%         1    ##.....


Dungeon Overview and Level Annotations

Branches:
Dungeon (4/15)
 Temple: D:4-7

Altars:
Elyvilon
Okawaru
Ru

Annotations:
D:3 Purgy
D:4 Grinder


Innate Abilities, Weirdness & Mutations

You have hooves in place of feet.
Armour fits poorly on your strangely shaped body.
You cover ground very quickly.
You have extremely tough skin (AC +3).


Message History

You are poisoned.
The adder poisons you!
You take 2 damage, and have 18/28 hp.
You feel sick.
You take 1 damage, and have 17/28 hp.
You feel sick.
You take 1 damage, and have 16/28 hp.
You slash the adder! The adder bites you but does no damage.
The adder closely misses you.
You miss the adder.
You feel sick. The adder bites you.
You are more poisoned.
The adder poisons you!
You take 4 damage, and have 12/28 hp.
You are too injured to fight recklessly!
You barely miss the adder.
You feel sick. The adder bites you. The adder barely misses you.
You take 2 damage, and have 10/28 hp.
You closely miss the adder. Your kick misses the adder.
The adder bites you but does no damage. The adder bites you.
* * * LOW HITPOINT WARNING * * *
You take 2 damage, and have 8/28 hp.
Drink which item? (? for menu, Esc to quit)
It was a potion of might.
You feel very mighty all of a sudden.
You feel sick. The adder bites you but does no damage.
You take 1 damage, and have 7/28 hp.
Drink which item? (? for menu, Esc to quit)
It was a potion of heal wounds.
You feel much better. The adder closely misses you.
The orc priest invokes the aid of Beogh against you.
Something smites you!
Ouch! That really hurt!
You regained 7 hp, and now have 14/28 hp.
Drink which item? (? for menu, Esc to quit)
It was a potion of cure mutation.
It has a very clean taste.
You feel sick. The adder completely misses you. The adder closely misses you.
You take 1 damage, and have 13/28 hp.
You barely miss the adder. The adder bites you but does no damage.
You barely miss the adder.
You feel sick. The adder closely misses you. The adder closely misses you.
You take 1 damage, and have 12/28 hp.
You feel sick.
Found an escape hatch in the ceiling.
You take 1 damage, and have 11/28 hp.
Found a stone staircase leading up.
You feel sick.
You take 1 damage, and have 11/28 hp.
There is an escape hatch in the ceiling here.
A mysterious force pulls you upwards. The hatch slams shut behind you.
Level annotation: Purgy You start resting.
You feel sick.
You feel sick.
You are no longer poisoned.
You take 2 damage, and have 9/28 hp.
You start resting.
You feel a little less mighty now.
You regained 4 hp, and now have 13/28 hp.
You start resting.
You are feeling very hungry.
You regained 3 hp, and now have 16/28 hp.
You start resting.
A rat comes into view.
You regained 4 hp, and now have 20/28 hp.
You see here a scroll labeled FYKHLU EBOD.
The rat bites you but does no damage.
You hit the rat but do no damage. The rat bites you but does no damage.
You hit the rat.
You kill the rat!
Okawaru accepts your kill.
No target in view!
No target in view!
A worm comes into view.
j - a blue potion
There are no items here.
You start resting.
You slash the worm! You barely miss the worm. The worm bites you!
You take 9 damage, and have 12/28 hp.
MASSIVE DAMAGE!!
You are too injured to fight recklessly!
You hit the worm. The worm bites you!
* * * LOW HITPOINT WARNING * * *
You take 7 damage, and have 5/28 hp.
MASSIVE DAMAGE!!
a - a +0 hand crossbow (weapon)
Aim: a worm (heavily wounded)
You shoot a bolt. The bolt barely misses the worm.
You are now empty-handed.
Really attack barehanded? [Y]es or [N]o only, please.
Really attack barehanded? [Y]es or [N]o only, please.
Really attack barehanded? [Y]es or [N]o only, please.
Really attack barehanded?
Okay, then.
A worm is nearby!
Wield which item (- for none, * to show all)? (? for menu, Esc to quit)
s - a +0 falchion (weapon)
You hit the worm. The worm bites you.
You die...

## .. #.## #...#######
#...w@..####
#....#.......#
#.##.#..#.##.# # ..
#.#....# # #. #.#
#.##.#.##.#
.#.#####.####.....?...#
.#.........#######.####
...........# #.#
...........# #.#


You could see a worm.

Vanquished Creatures
  3 oozes
  A giant gecko (D:2)
  An orc (D:4)
  3 bats
  4 giant cockroaches
  5 hobgoblins
  A jackal (D:3)
  8 kobolds
  4 quokkas
  A ball python (D:1)
  A giant newt (D:1)
  6 goblins
  8 rats
46 creatures vanquished.

Notes
Turn   | Place    | Note
--------------------------------------------------------------
     0 | D:1      | dpvblackbelt the Centaur Arcane Marksman began the quest for the Orb.
     0 | D:1      | Reached XP level 1. HP: 16/16 MP: 2/2
   118 | D:1      | Reached skill level 3 in Crossbows
   118 | D:1      | Reached XP level 2. HP: 15/23 MP: 3/3
   582 | D:2      | Reached XP level 3. HP: 10/28 MP: 4/4
   815 | D:2      | Reached skill level 4 in Crossbows
   822 | D:2      | Found a white marble altar of Elyvilon.
  1103 | D:2      | Learned a level 2 spell: Slow
  1534 | D:3      | Noticed Purgy
  1959 | D:4      | Found a sacrificial altar of Ru.
  1964 | D:4      | Noticed Grinder
  2034 | D:4      | Found an iron altar of Okawaru.
  2045 | D:4      | Became a worshipper of Warmaster Okawaru
  2059 | D:4      | HP: 7/28 [poisoned by an adder]
  2217 | D:3      | HP: 5/28 [worm (8)]
  2225 | D:3      | Slain by a worm

Vault maps used:
D:1:      lightli_molten_gateway
D:2:      first_bread, st_stairs_9, elyvilon_altar_5
D:3:      minmay_bisected, uniq_purgy
D:4:      nicolae_ru_sacrificial_ziggurat, nicolae_overflow_crystal_walls,
          amethyst_overflow_temple_binary, uniq_grinder, uniq_pikel

Action                   || total
-------------------------++-------
Melee: Falchion          ||    12
       Unarmed           ||     5
 Fire: Hand crossbow     ||   136
 Cast: Corona            ||     1
  Use: Potion            ||     3
  Eat: Beef jerky        ||     1

Vault maps used:
D:1:      lightli_molten_gateway
D:2:      first_bread, st_stairs_9, elyvilon_altar_5
D:3:      minmay_bisected, uniq_purgy
D:4:      nicolae_ru_sacrificial_ziggurat, nicolae_overflow_crystal_walls,
          amethyst_overflow_temple_binary, uniq_grinder, uniq_pikel

Table legend:
 A = Turns spent in this place as a percentage of turns spent in the entire game.
 B = Non-inter-level travel turns spent in this place as a percentage of non-inter-level travel turns spent in the entire game.
 C = Inter-level travel turns spent in this place as a percentage of turns spent in this place.
 D = Turns resting spent in this place as a percentage of non-inter-level travel turns spent in this place.
 E = Turns spent auto-exploring this place as a percentage of non-inter-level travel turns spent in this place.
 F = Non-inter-level travel turns spent in this place divided by the number of levels of this place that you've seen.
                   A       B       C       D       E      F
               +-------+-------+-------+-------+-------+----------------------
         Total | 100.0 | 100.0 |   0.2 |   2.1 |   8.1 | 207.2
       Dungeon | 100.0 | 100.0 |   0.2 |   2.1 |   8.1 | 207.2
               +-------+-------+-------+-------+-------+----------------------

Table legend:
 A = Kills in this place as a percentage of kills in entire the game.
 B = Kills by you in this place as a percentage of kills by you in the entire game.
 C = Kills by friends in this place as a percentage of kills by friends in the entire game.
 D = Other kills in this place as a percentage of other kills in the entire game.
 E = Experience gained in this place as a percentage of experience gained in the entire game.
 F = Experience gained in this place divided by the number of levels of this place that you have seen.
                   A       B       C       D       E      F
               +-------+-------+-------+-------+-------+----------------------
         Total | 100.0 | 100.0 |  -nan |  -nan | 100.0 |  23.2
       Dungeon | 100.0 | 100.0 |  -nan |  -nan | 100.0 |  23.2
               +-------+-------+-------+-------+-------+----------------------
